 Dungeon Crawl Stone Soup version 0.18.1-50-g88ac8fd (webtiles) character file.

32 Zekeros1 the Vexing (level 3, -2/28 HPs)
             Began as a Centaur Arcane Marksman on Sept 22, 2016.
             Slain by a hobgoblin (5 damage)
             ... on level 1 of the Dungeon.
             The game lasted 00:02:30 (412 turns).

Zekeros1 the Vexing (Centaur Arcane Marksman)        Turns: 412, Time: 00:02:30

Health: -2/28      AC:  4    Str: 13    XL:     3   Next: 10%
Magic:  4/4        EV:  9    Int: 12    God:
Gold:   63         SH:  0    Dex:  9    Spells: 1 memorised, 3 levels left

rFire  . . .     SeeInvis .     a - +0 hand crossbow
rCold  . . .     Gourm    .     b - +0 robe
rNeg   . . .     Faith    .     (no shield)
rPois  .         Spirit   .     (no helmet)
rElec  .         Dismiss  .     (no cloak)
rCorr  .         Reflect  .     (no gloves)
SustAt .         Harm     .     (no barding)
MR     .....                    (no amulet)
Stlth  +.........               (no ring)
                                (no ring)

@: very quick, not resistant to hostile enchantments, very unstealthy
A: hooves 3, deformed body, speed 2, tough skin 3
a: no special abilities


You were on level 1 of the Dungeon.
You were not hungry.

You visited 1 branch of the dungeon, and saw 1 of its levels.

You collected 63 gold pieces.

Inventory:

Hand Weapons
 a - a +0 hand crossbow (weapon)
Missiles
 d - 4 bolts (quivered)
Armour
 b - a +0 robe (worn)
Scrolls
 e - a scroll of fear {unknown}
 h - a scroll of identify {unknown}
 i - a scroll of fog {unknown}
Potions
 g - 2 potions of curing {unknown}
Books
 c - a book of Debilitation

   Spells                             Type                      Level
   a - Corona                         Hexes                        1
   b - Slow                           Hexes                        2
   c - Gell's Gravitas                Hexes/Translocation          3
   d - Inner Flame                    Hexes/Fire                   3
   e - Cause Fear                     Hexes                        4
   f - Leda's Liquefaction            Hexes/Earth                  4
Comestibles
 f - 2 bread rations


   Skills:
 + Level 1.0 Fighting
 + Level 2.9 Crossbows
 + Level 1.6 Dodging
 + Level 1.0 Spellcasting
 + Level 3.2 Hexes


You had 3 spell levels left.
You knew the following spells:

 Your Spells              Type           Power        Failure   Level  Hunger
a - Corona                Hex            #......      10%         1    ##.....


Dungeon Overview and Level Annotations

Branches:
Dungeon (1/15)

Altars:


Innate Abilities, Weirdness & Mutations

You have hooves in place of feet.
Armour fits poorly on your strangely shaped body.
You cover ground very quickly.
You have extremely tough skin (AC +3).


Message History

The rat bites you but does no damage.
The jackal bites you but does no damage.
The rat misses you. The hobgoblin completely misses you.
Firing (i - inventory):
d - 6 bolts (quivered)
Press: ? - help, Shift-Dir - straight line, f/p - jackal
Aim: a jackal You shoot a bolt.
The bolt barely misses the jackal.
The jackal bites you but does no damage.
The jackal closely misses you. The rat bites you but does no damage.
The hobgoblin hits you.
* * * LOW HITPOINT WARNING * * *
Firing (i - inventory):
d - 5 bolts (quivered)
Press: ? - help, Shift-Dir - straight line, f/p - jackal
Aim: a jackal You shoot a bolt.
The bolt hits the jackal.
The jackal is severely wounded.
The jackal bites you.
* * * LOW HITPOINT WARNING * * *
The hobgoblin hits you.
You die...

#..#.##..........
#....##.##..#....
#######.##..#....
#..##.......
#......>.... #######
##.)......... #....(.
###......#.....
#.....h###........#.....
#....((@..........#.....
#...(.g#r....#.>..#.....
#......#.....######.....
#......#.....####.......
#......#.....#..........
#......#.......##.......
#......#......#.........
................##......
##.........


You could see a jackal, a hobgoblin and a rat.

Vanquished Creatures
  An ooze (D:1)
  A dart slug (D:1)
  2 giant geckos (D:1)
  A ball python (D:1)
  5 goblins (D:1)
  3 hobgoblins (D:1)
  2 jackals (D:1)
  A bat (D:1)
  2 kobolds (D:1)
  4 rats (D:1)
22 creatures vanquished.

Notes
Turn   | Place    | Note
--------------------------------------------------------------
     0 | D:1      | Zekeros1 the Centaur Arcane Marksman began the quest for the Orb.
     0 | D:1      | Reached XP level 1. HP: 16/16 MP: 2/2
    28 | D:1      | Reached skill level 3 in Hexes
    51 | D:1      | Reached XP level 2. HP: 23/23 MP: 3/3
   306 | D:1      | Reached XP level 3. HP: 8/28 MP: 4/4
   412 | D:1      | Slain by a hobgoblin

Skill      XL: |  1 |
---------------+----+-----
Hexes          | 3 |  3.2
Fighting       | |  1.0
Crossbows      | |  2.9
Dodging        | |  1.6
Spellcasting   | |  1.0

Action                   || total
-------------------------++-------
 Fire: Hand crossbow     ||    74
Armor: Robe              ||    27
Dodge: Dodged            ||    42
